 Dungeon Crawl Stone Soup version 0.17.1-1-g73c8601 (webtiles) character file.

844 Implojin the Grappler (level 7, -3/66 HPs)
             Began as a Troll Berserker on Apr 9, 2016.
             Was a Believer of Trog.
             Slain by an orc
             ... wielding a +0 falchion of electrocution
              (17 damage)
             ... on level 6 of the Dungeon.
             The game lasted 00:04:59 (612 turns).

Implojin the Grappler (Troll Berserker)              Turns: 612, Time: 00:04:59

Health: -3/66      AC:  6    Str: 26    XL:     7   Next: 68%
Magic:  6/6        EV: 10    Int:  3    God:    Trog [**....]
Gold:   69         SH:  0    Dex: 11    Spells: 0 memorised, 6 levels left

rFire  . . .     SeeInvis .       - Unarmed
rCold  . . .     Clarity  .     a - +0 animal skin
rNeg   . . .     SustAt   .     (no shield)
rPois  .         Gourm    +     o - +1 hat
rElec  .         Spirit   .     (no cloak)
rCorr  .         Warding  .     (gloves unavailable)
rMut   .         Stasis   .     (boots unavailable)
MR     ++...                    (no amulet)
Stlth  +.........               (no ring)
                                (no ring)

@: lethally poisoned (-3 -> -4), exhausted, regenerating, slowed, very slow,
very resistant to hostile enchantments, very unstealthy
A: unfitting armour, claws 3, fast metabolism 3, gourmand, regeneration 2,
shaggy fur 1, tough skin 2
a: Berserk, Trog's Hand, Burn Spellbooks, Renounce Religion


You were on level 6 of the Dungeon.
You worshipped Trog.
Trog was pleased with you.
You were completely stuffed.

You visited 1 branch of the dungeon, and saw 6 of its levels.

You collected 69 gold pieces.

Inventory:

Missiles
 q - 4 tomahawks (quivered)
Armour
 a - a +0 animal skin (worn)
 e - a +0 hat
 o - a +1 hat (worn)
Jewellery
 k - an uncursed ring of poison resistance {unknown}
Wands
 d - a wand of flame (14)
Scrolls
 i - a scroll of fear {unknown}
 l - a scroll of identify {unknown}
 n - a scroll of amnesia {unknown}
 p - a scroll of teleportation {unknown}
Potions
 c - a potion of curing {unknown}
 g - a potion of degeneration {unknown}
 j - a potion of mutation {unknown}
Comestibles
 b - 4 bread rations
 f - 2 meat rations
 h - 4 chunks of flesh
 m - a slice of pizza
 r - a beef jerky


   Skills:
 - Level 2.4 Fighting
 - Level 2.4 Dodging
 * Level 9.2 Unarmed Combat


You had 6 spell levels left.
You didn't know any spells.

Dungeon Overview and Level Annotations

Branches:
Dungeon (6/15)
 Temple: D:4-7

Altars:

Shops:
D:4 ?   D:6 *


Innate Abilities, Weirdness & Mutations

You are too large for most types of armour.
You have claws for hands.
Your metabolism is lightning-fast.
You like to eat raw meat.
You heal very quickly.
You are covered in fur (AC +1).
You have very tough skin (AC +2).


Message History

You continue eating.
Your skin crawls.
You feel resistant to hostile enchantments.
You feel slightly less full.
You feel sick.
You feel sick.
An orc comes into view.
It is wielding a falchion of electrocution.
You see here a poisoned arrow.
You see here a poisoned arrow.
The orc shouts!
You claw the orc warrior!
The orc warrior is moderately wounded.
The orc warrior hits you with a mace.
* * * LOW HITPOINT WARNING * * *
An orc comes into view.
You closely miss the orc warrior.
The orc warrior is moderately wounded.
You feel sick. The orc warrior hits you with a mace!
* * * LOW HITPOINT WARNING * * *
An orc comes into view. It is wielding a mace.
The orc shouts! x2
You claw the orc warrior!
The orc warrior is heavily wounded.
The orc warrior hits you with a mace!
* * * LOW HITPOINT WARNING * * *
An orc comes into view. It is wielding a dagger.
You closely miss the orc warrior.
The orc warrior is heavily wounded.
The orc shouts!
You feel sick.
The orc warrior zaps a wand.
The orc warrior looks slightly unstable.
It is a wand of teleportation.
The orc warrior zaps a wand.
You resist with almost no effort.
Unknown command.
The orc warrior zaps a wand.
Nothing appears to happen.
You feel the effects of Trog's Hand fading.
The orc warrior disappears!
The orc hits you with a falchion of electrocution.
* * * LOW HITPOINT WARNING * * *
You are electrocuted!
You die...

...##. #........ ......
#........ ....#### ##........
## #..≈≈≈## ##.o..###.. #.
#≈≈≈≈≈# ##)....# ##.
#≈≈∩≈≈### ##o†....# ##..
#≈≈.≈≈..###((....## #...
##≈.≈.....oo.....#
###...######....@o........#
..........).[....(...#.....#
..........)<).###...#####...#
##........)))..#....# ....
##.........#......## ...
##.......###....## #.....###
##...# #....## ##### #....##


You could see 4 orcs.

Vanquished Creatures
  A water moccasin (D:6)
  An ogre (D:4)
  An orc warrior (D:6)
  A centaur (D:6)
  2 scorpions
  2 hounds
  A crimson imp (D:6)
  3 orc wizards
  A giant frog skeleton (D:4)
  2 orc priests
  Jessica (D:2)
  A worker ant (D:6)
  An iguana (D:4)
  An adder (D:2)
  4 giant geckos
  11 orcs
  A hobgoblin (D:1)
  4 jackals (D:1)
  A giant gecko zombie (D:6)
  3 kobolds
  A quokka (D:5)
  A rat (D:1)
45 creatures vanquished.

Notes
Turn   | Place    | Note
--------------------------------------------------------------
     0 | D:1      | Implojin the Troll Berserker began the quest for the Orb.
     0 | D:1      | Reached XP level 1. HP: 22/22 MP: 0/0
     7 | D:2      | Noticed Jessica
    15 | D:2      | Killed Jessica
    15 | D:2      | Reached skill level 4 in Unarmed Combat
    15 | D:2      | Reached XP level 2. HP: 6/29 MP: 1/1
    15 | D:2      | HP: 2/43 [kobold/short sword (5)]
    51 | D:2      | Reached XP level 3. HP: 26/36 MP: 2/2
   198 | D:3      | Reached skill level 5 in Unarmed Combat
   198 | D:3      | Reached XP level 4. HP: 28/44 MP: 3/3
   228 | D:4      | Found Xaces's Magic Scroll Shop.
   235 | D:4      | Reached ** piety under Trog
   258 | D:4      | Reached skill level 6 in Unarmed Combat
   258 | D:4      | Reached XP level 5. HP: 39/50 MP: 4/4
   315 | D:4      | Noticed an ogre
   322 | D:4      | Killed an ogre
   342 | D:4      | Reached XP level 6. HP: 33/59 MP: 5/5
   369 | D:5      | Entered Level 5 of the Dungeon
   385 | D:4      | Reached skill level 7 in Unarmed Combat
   511 | D:6      | Found Duuxett's General Store.
   522 | D:6      | Reached skill level 8 in Unarmed Combat
   522 | D:6      | Reached XP level 7. HP: 66/66 MP: 6/6
   572 | D:6      | Noticed a water moccasin
   579 | D:6      | Killed a water moccasin
   579 | D:6      | Reached skill level 9 in Unarmed Combat
   612 | D:6      | Slain by an orc

Action                   |  1- 3 |  4- 6 |  7- 9 || total
-------------------------+-------+-------+-------++-------
Melee: Unarmed           |    34 |    46 |    26 ||   106
Invok: Berserk           |     2 |     3 |     1 ||     6
       Burn Spellbooks   |       |     1 |       ||     1
       Trog's Hand       |       |       |     2 ||     2
  Eat: Chunk             |     8 |     6 |     4 ||    18

Table legend:
 A = Turns spent in this place as a percentage of turns spent in the entire game.
 B = Non-inter-level travel turns spent in this place as a percentage of non-inter-level travel turns spent in the entire game.
 C = Inter-level travel turns spent in this place as a percentage of turns spent in this place.
 D = Turns resting spent in this place as a percentage of non-inter-level travel turns spent in this place.
 E = Turns spent auto-exploring this place as a percentage of non-inter-level travel turns spent in this place.
 F = Non-inter-level travel turns spent in this place divided by the number of levels of this place that you've seen.
                   A       B       C       D       E      F
               +-------+-------+-------+-------+-------+----------------------
         Total | 100.0 | 100.0 |   0.0 |   0.0 |   0.0 |  96.8
       Dungeon | 100.0 | 100.0 |   0.0 |   0.0 |   0.0 |  96.8
               +-------+-------+-------+-------+-------+----------------------

Table legend:
 A = Kills in this place as a percentage of kills in entire the game.
 B = Kills by you in this place as a percentage of kills by you in the entire game.
 C = Kills by friends in this place as a percentage of kills by friends in the entire game.
 D = Other kills in this place as a percentage of other kills in the entire game.
 E = Experience gained in this place as a percentage of experience gained in the entire game.
 F = Experience gained in this place divided by the number of levels of this place that you have seen.
                   A       B       C       D       E      F
               +-------+-------+-------+-------+-------+----------------------
         Total | 100.0 | 100.0 |  -nan |  -nan | 100.0 | 201.2
       Dungeon | 100.0 | 100.0 |  -nan |  -nan | 100.0 | 201.2
               +-------+-------+-------+-------+-------+----------------------
